 Dungeon Crawl Stone Soup version 0.30-a0-857-gcaf70739d4 (webtiles) character file.

Game seed: 16279580035425780565

71 Newt the Shooter (level 4, -1/30 HPs)
             Began as a Kobold Hunter on Mar 6, 2023.
             Slain by Sigmund
             ... wielding a +0 scythe
              (11 damage)
             ... on level 2 of the Dungeon.
             The game lasted 00:01:44 (1436 turns).

Newt the Shooter (Kobold Hunter)                    Turns: 1436, Time: 00:01:44

Health: -1/30      AC:  3    Str:  8    XL:     4   Next: 47%
Magic:  0/4        EV: 14    Int: 10    God:
Gold:   58         SH:  0    Dex: 20    Spells: 3/3 levels left

rFire   . . .      SeeInvis .    a - +0 shortbow
rCold   . . .      Faith    .    (shield currently unavailable)
rNeg    . . .      Spirit   +    c - +0 leather armour
rPois   .          Reflect  .    (no helmet)
rElec   .          Rampage  .    (no cloak)
rCorr   .                        (no gloves)
Will    .....                    (no boots)
Stlth   +++                      i - amulet of guardian spirit
HPRegen 0.25/turn                (no ring)
MPRegen 0.09/turn                (no ring)

@: no status effects
A: small, no large weapons, nightstalker 3
a: no special abilities


You were on level 2 of the Dungeon.
You visited 1 branch of the dungeon, and saw 2 of its levels.

You collected 58 gold pieces.

Inventory:

Hand Weapons
 a - a +0 shortbow (weapon)
Armour
 c - a +0 leather armour (worn)
Jewellery
 i - an amulet of guardian spirit (around neck)
Scrolls
 b - a scroll of immolation
 d - a scroll of identify {unknown}
Potions
 e - a potion of cancellation {unknown}
 f - a potion of brilliance {unknown}


   Skills:
 + Level 4.8 Fighting
 - Level 5.3 Ranged Weapons
 - Level 2.4 Dodging
 - Level 1.3 Stealth


You had 3 spell levels left.
You didn't know any spells.
Your spell library contained the following spells:

 Spells                   Type           Power      Damage    Failure   Level
 Magic Dart               Conj           0%         1d3       50%         1
 Searing Ray              Conj           0%         2d4       63%         2
 Fulminant Prism          Conj/Hex       0%         3d5       99%         4


Dungeon Overview and Level Annotations

Branches:
Dungeon (2/15)

Altars:

Annotations:
D:2 Sigmund, Terence


Innate Abilities, Weirdness & Mutations

You are small and have problems with some larger weapons.
You are completely attuned to the shadows.


Message History

There is a stone staircase leading down here.
Sigmund shouts!
Sigmund casts a spell at you. You resist with some effort.
Sigmund is nearby!
You shoot an arrow. The arrow hits Sigmund!
Sigmund is moderately wounded.
You shoot an arrow. The arrow hits Sigmund!
Sigmund is severely wounded.
Sigmund gestures at you while chanting. You resist with some effort.
You shoot an arrow. The arrow hits Sigmund.
Sigmund is severely wounded.
Sigmund mumbles some strange words.
Sigmund flickers and vanishes!
Deactivating autopickup; reactivate with Ctrl-A.
You shoot an arrow. Something hits you.
You shoot an arrow. Something hits you but does no damage.
You shoot an arrow.
A magic dart appears from out of thin air!
The magic dart hits you!
You shoot an arrow. Something hits you!
* * * LOW HITPOINT WARNING * * *
You are too injured to fight recklessly!
It was a potion of curing.
You feel better.
Fire: a) +0 shortbow
Press: ? - help, Shift-Dir - straight line You shoot an arrow.
Something hits you!
You are too injured to fight recklessly!
Fire: a) +0 shortbow
Press: ? - help, Shift-Dir - straight line You shoot an arrow.
Something hits you!
* * * LOW HITPOINT WARNING * * *
Fire: a) +0 shortbow
Press: ? - help, Shift-Dir - straight line, f - you You feel better.
Something hits you.
Fire: a) +0 shortbow
Press: ? - help, Shift-Dir - straight line You shoot an arrow.
Something hits you!
You die...

,************,,*,*,*,*,,,*,*,*,*,
,>,,,,,,,,,<,,,,,*,,,**.##...#..,
**************,*,*,*,,,....#.#.#,
*,*,,,**.###.##...#. *****
#.#.#,..........#.#. ***,,,*
#...##.###.###.##... ,,,,,,*
*##.#..{............#.
,,,,,,******...##.###.###.###.###
,,,^,,*,,,**,#..@#*#..#.........#
,,,,,,*,*,**,#...####.†.#.......#
,****,,,*,,,,###........+.......#
,* ********** #........#.......#
,* #........#...(.... ,*
#........###.####. ,*******
#.....[..# #...... ,,,,,,,*
#........###...... ,,,,,,,*
#########.........


There were no monsters in sight!

Vanquished Creatures
  Natasha (D:1)
  2 dart slugs (D:1)
  2 bats
  3 endoplasms (D:1)
  3 giant cockroaches (D:1)
  5 goblins
  4 hobgoblins
  3 quokkas
  4 ball pythons (D:1)
  2 frilled lizards
  6 kobolds (D:1)
  5 rats (D:1)
40 creatures vanquished.

Vanquished Creatures (others)
  A rat (D:2)
1 creature vanquished.

Grand Total: 41 creatures vanquished

Notes
Turn   | Place    | Note
-------+----------+-------------------------------------------
     0 | D:1      | Newt the Kobold Hunter began the quest for the Orb.
     0 | D:1      | Reached XP level 1. HP: 12/12 MP: 1/1
   148 | D:1      | Reached XP level 2. HP: 18/18 MP: 2/2
   317 | D:1      | Reached XP level 3. HP: 23/23 MP: 3/3
   782 | D:1      | Found a faded altar of an unknown god.
  1128 | D:2      | Noticed Terence
  1148 | D:2      | Noticed Sigmund
  1148 | D:2      | Noticed Natasha
  1159 | D:1      | Killed Natasha
  1160 | D:1      | Reached XP level 4. HP: 17/30 MP: 2/4
  1436 | D:2      | Slain by Sigmund

Illustrated notes

Levels and vault maps discovered:
D:1:      amcnicky_arrival_blooded_trapdoor, layout_loops_ring,
          hellmonk_ecumenical_altar_arch_garden, minmay_pentomino_w4
D:2:      layout_basic, serial_shops, nicolae_shop_window_shopping,
          minmay_misc_feat_ornament, nicolae_concentric_dashed_squares_mild,
          uniq_sigmund, uniq_terence, uniq_natasha

Skill      XL: |  1  2  3 |
---------------+----------+-----
Fighting       | 3 4 |  4.8
Ranged Weapons | |  5.3
Dodging        | |  2.4
Stealth        | |  1.3

Action                     |  1- 3 |  4- 6 || total
---------------------------+-------+-------++-------
   Fire: Shortbow          |   106 |    17 ||   123
    Use: Scroll            |       |     5 ||     5
         Potion            |       |     2 ||     2
 Armour: Leather armour    |    17 |     3 ||    20
  Dodge: Dodged            |    89 |     8 ||    97

Table legend: (Time is in decaauts)
 A = Elapsed time spent in this place.
 B = Non-inter-level travel time spent in this place.
 C = Inter-level travel time spent in this place.
 D = Time resting spent in this place.
 E = Time spent auto-exploring this place.
 F = Levels seen in this place.
 G = Mean time per level.
                   A        B        C        D        E       F      G
               +--------+--------+--------+--------+--------+-----+--------+
         Total |   1471 |   1390 |     81 |    465 |    682 |   2 |  735.5 |
       Dungeon |   1471 |   1390 |     81 |    465 |    682 |   2 |  735.5 |
               +--------+--------+--------+--------+--------+-----+--------+

Top non-repeatable levels by time:
     D:1: 1357 daAuts
     D:2: 113 daAuts
